 Dungeon Crawl Stone Soup version 0.31.0-1-g2c135a008e (webtiles) character file.

Game seed: 10215043398768504540

128 qw the Shooter (level 5, 0/40 HPs)
             Began as a Djinni Hunter on Jan 23, 2024.
             Killed by divine providence
             ... invoked by an orc priest
              (12 damage)
             ... on level 4 of the Dungeon.
             The game lasted 00:00:06 (2352 turns).

qw the Shooter (Djinni Hunter)                      Turns: 2352, Time: 00:00:07

Health: 0/40       AC:  5    Str: 10    XL:     5   Next: 34%
Gold:   122        EV: 11    Int: 11    God:
                   SH:  0    Dex: 18

rFire   + + .        a - +0 shortbow
rCold   x . .        (shield currently unavailable)
rNeg    . . .        i - +0 ring mail
rPois   inf          (no helmet)
rElec   .            (no cloak)
rCorr   .            (no gloves)
SInv    .            (boots unavailable)
Will    .....        (no amulet)
Stlth   +            (no ring)
HPRegen 0.26/turn    (no ring)
MPRegen 0.00/turn

%: infuse magic (-1 HP)
@: flying
A: sickness immunity, fire resistance 2, cold vulnerability 1, float, innate
caster, HP casting, extra vitality 1
a: no special abilities


You were on level 4 of the Dungeon.
You visited 1 branch of the dungeon, and saw 4 of its levels.

You collected 122 gold pieces.


Innate Abilities, Weirdness & Mutations

You are immune to sickness and miasma.
You are immune to poison.
Your flesh is very heat resistant. (rF++)
You are vulnerable to cold. (rC-)
You float through the air rather than walking.
You learn spells naturally, not from books.
Your magical power is your life essence.
You have superior vitality. (+4 MHP)


   Skills:
 - Level 3.2 Fighting
 + Level 4.5 Ranged Weapons
 - Level 1.0 Armour
 - Level 2.1 Dodging
 - Level 0.7 Stealth


You knew the following spells:

 Your Spells              Type           Power      Damage    Failure   Level
a - Foxfire               Conj/Fire      0%         2x1d4     65%         1
b - Momentum Strike       Conj/Tloc      0%         3d8       80%         2
Your spell library was empty.

Inventory:

Hand Weapons
 a - a +0 shortbow (weapon)
Armour
 i - a +0 ring mail (worn)
Potions
 b - 2 potions of curing
 c - a potion of haste
 f - a potion of degeneration {unknown}
 g - a potion of invisibility {unknown}

Dungeon Overview and Level Annotations

Branches:
Dungeon (4/15)
 Temple: D:4-7

Altars:


Message History

You shoot an arrow. The arrow hits the dart slug.
The dart slug is severely wounded.
You shoot an arrow. The arrow hits the dart slug.
You kill the dart slug!
An orc priest comes into view. It is wielding a +0 mace.
The orc priest shouts!
An orc comes into view. It is wielding a +0 whip.
You shoot an arrow. The orc shouts!
The arrow hits the orc priest.
The orc priest is moderately wounded.
An orc priest comes into view. It is wielding a +0 whip.
You shoot an arrow. The orc priest shouts!
The arrow hits the orc priest.
The orc priest is moderately wounded.
An orc comes into view. It is wielding a +0 hand axe.
You shoot an arrow.
The arrow hits the orc priest but does no damage.
The orc priest is moderately wounded.
An orc comes into view. It is wielding a +0 hand axe.
The orc priest invokes the aid of Beogh against you.
Beogh smites you!
The orc priest calls down the wrath of Beogh upon you.
Beogh smites you!
The orc moves out of view.
You shoot an arrow. The arrow barely misses the orc.
The arrow hits the orc.
The orc is heavily wounded.
You shoot an arrow. The orc shouts!
The arrow hits the orc.
The orc is lightly wounded.
The orc priest casts a cantrip, but nothing happens.
The orc priest mumbles some strange prayers to Beogh against you.
Beogh smites you!
You shoot an arrow.
The arrow hits the orc but does no damage.
The orc is lightly wounded.
The orc priest invokes the aid of Beogh against you.
Beogh smites you!
You die...

##########
#........#
#........##.
#...........
#.........o.
#...o..o....
#...@.o..o..
###.######... ..#.#
#.#.# . #.#.#
....#####.#.#####.
...................
....####...%####...
.......[....###


You could see 2 orc priests and 3 orcs.

Vanquished Creatures
  A bombardier beetle (D:3)
  3 adders
  2 dart slugs
  8 orcs
  2 ball pythons (D:1)
  7 endoplasms
  3 giant cockroaches
  6 goblins
  2 hobgoblins (D:3)
  2 jackals (D:3)
  3 kobolds
  3 quokkas
  3 bats
  3 frilled lizards
  6 rats
54 creatures vanquished.

Notes
Turn   | Place    | Note
-------+----------+-------------------------------------------
     0 | D:1      | qw the Djinni Hunter began the quest for the Orb.
     0 | D:1      | Reached XP level 1. HP: 18/18 MP: 0/0
     0 | D:1      | 0 ||| qw: Version: 0.3-a-136-gdd3b4e8
     0 | D:1      | 0 ||| qw: Game counter: 1150
     0 | D:1      | 0 ||| qw: Melee chars always use a shield: true
     0 | D:1      | 0 ||| qw: God list: Okawaru
     0 | D:1      | 0 ||| qw: Allow faded altars: false
     0 | D:1      | 0 ||| qw: Do Orc after clearing Dungeon:15 true
     0 | D:1      | 0 ||| qw: Do second Lair branch before Depths: true
     0 | D:1      | 0 ||| qw: Lair rune preference: random
     0 | D:1      | 0 ||| qw: Goals: Normal
     0 | D:1      | 0 ||| PLANNING D:1-11
    96 | D:1      | Reached XP level 2. HP: 23/23 MP: 0/0
   109 | D:1      | Found a faded altar of an unknown god.
   510 | D:1      | 510 ||| UPGRADING to +0 ring mail.
   520 | D:1      | 520 ||| DROPPING +0 leather armour.
   521 | D:1      | 521 ||| READING scroll labelled PIUCEAF TUMIN.
   522 | D:1      | 522 ||| READING scroll labelled ULEAPE OZUUPN.
   523 | D:1      | 523 ||| DRINKING 2 fizzy ruby potions.
   555 | D:1      | 555 ||| DROPPING scroll of butterflies.
   556 | D:1      | 556 ||| DROPPING potion of lignification.
   720 | D:2      | Reached skill level 4 in Ranged Weapons
   720 | D:2      | Reached XP level 3. HP: 28/28 MP: 0/0
   720 | D:2      | Learned a level 1 spell: Foxfire
   992 | D:2      | Reached skill level 1 in Armour
  1163 | D:2      | 1163 ||| READING scroll labelled PUVOCVEISE.
  1365 | D:3      | Reached XP level 4. HP: 33/33 MP: 0/0
  1491 | D:3      | Reached skill level 3 in Fighting
  1598 | D:3      | Reached XP level 5. HP: 40/40 MP: 0/0
  1598 | D:3      | Learned a level 2 spell: Momentum Strike
  2110 | D:3      | 2110 ||| READING scroll labelled JAT SUFYPS.
  2110 | D:3      | 2110 ||| IDENTIFYING metallic clear potion
  2111 | D:3      | 2111 ||| DRINKING 3 murky red potions.
  2112 | D:3      | 2112 ||| DRINKING 2 fizzy coppery potions.
  2113 | D:3      | 2113 ||| DROPPING potion of brilliance.
  2134 | D:4      | 2134 ||| STAIRDANCE
  2139 | D:4      | 2139 ||| STAIRDANCE
  2201 | D:4      | HP: 10/40 [orc/+0 morningstar (7)]
  2254 | D:4      | 2254 ||| STAIRDANCE
  2352 | D:4      | Killed from afar by an orc priest

Levels and vault maps discovered:
D:1:      lemuel_arrival_behind_the_door_large, layout_basic,
          ebering_ecumenical_altar_sacrificial
D:2:      layout_loops_ring, nicolae_figureground_sparkle
D:3:      layout_loops_ring, serial_forest, infiniplex_forest_end_3,
          infiniplex_forest_end_double, infiniplex_forest_clump_long,
          infiniplex_forest_clump_tiny, infiniplex_forest_end_1,
          infiniplex_forest_zigzag_2, infiniplex_forest_corner_1,
          ebering_dispersal_statue_hall
D:4:      layout_basic, kennysheep_boxes

Skill      XL: |  1  2  3  4 |
---------------+-------------+-----
Ranged Weapons | 4 |  4.5
Armour         | 1 |  1.0
Fighting       | 3 |  3.2
Dodging        | |  2.1
Stealth        | |  0.7

Action                     |  1- 3 |  4- 6 || total
---------------------------+-------+-------++-------
   Fire: Shortbow          |    75 |    82 ||   157
    Use: Scroll            |     3 |     1 ||     4
         Potion            |     1 |     2 ||     3
 Armour: Leather armour    |     6 |       ||     6
         Ring mail         |     6 |    31 ||    37
  Dodge: Dodged            |    11 |    41 ||    52

Table legend:
 A = Non-vault XP
 B = Vault XP
 C = Vault XP percentage of total XP
 D = Non-vault monster count
 E = Vault monster count
 F = Vault count percentage of total count
                 A         B        C        D         E       F
            +---------+---------+-------+---------+---------+-------
      Total |     184 |       0 |   0.0 |      54 |       0 |   0.0
            +---------+---------+-------+---------+---------+-------
        D:1 |      22 |       0 |   0.0 |      16 |       0 |   0.0
        D:2 |      35 |       0 |   0.0 |       7 |       0 |   0.0
        D:3 |     117 |       0 |   0.0 |      28 |       0 |   0.0
        D:4 |      10 |       0 |   0.0 |       3 |       0 |   0.0
            +---------+---------+-------+---------+---------+-------
